 Dungeon Crawl Stone Soup version 0.18.1-6-gd335043 (webtiles) character file.

22781 LORDOFBUTT the Protected (level 12, 0/112 HPs)
             Began as a Minotaur Berserker on May 20, 2016.
             Was an Elder of Trog.
             Slain by a ten-headed hydra (4 damage)
             ... on level 1 of the Lair of Beasts.
             The game lasted 00:19:44 (11067 turns).

LORDOFBUTT the Protected (Minotaur Berserker)      Turns: 11067, Time: 00:19:45

Health: 0/112      AC: 23    Str: 19    XL:     12   Next: 66%
Magic:  11/11      EV:  8    Int:  4    God:    Trog [****..]
Gold:   507        SH:  0    Dex: 30    Spells: 0 memorised, 11 levels left

rFire  + . .     SeeInvis .     Y - +2 executioner's axe (chop)
rCold  + . .     Gourm    .     r - +0 gold dragon armour
rNeg   . . .     Faith    .     (shield currently unavailable)
rPois  +         Spirit   .     (helmet restricted)
rElec  .         Dismiss  .     d - +0 cloak of Hiomuf {Str-2 Dex+9}
rCorr  .         Reflect  .     F - +1 pair of gloves
SustAt .         Harm     .     (no boots)
MR     .....                    C - amulet of the Kraken {RegenMP Dex+2}
Stlth  ..........               (no ring)
                                b - +3 ring of dexterity

@: about to teleport, drained, not resistant to hostile enchantments, extremely
unstealthy
A: retaliatory headbutt, horns 2
a: Berserk, Trog's Hand, Brothers in Arms, Burn Spellbooks, Renounce Religion


You were on level 1 of the Lair of Beasts.
You worshipped Trog.
Trog was greatly pleased with you.
You were very full.

You visited 2 branches of the dungeon, and saw 14 of its levels.

You collected 507 gold pieces.

Inventory:

Hand Weapons
 j - a +4 spear
 Y - a +2 executioner's axe of chopping (weapon)
Armour
 d - the +0 cloak of Hiomuf (worn) {Str-2 Dex+9}
   (You found it on level 7 of the Dungeon)

   It affects your strength (-2).
   It affects your dexterity (+9).
 k - a +0 cloak
 r - a +0 gold dragon armour (worn)
 F - a +1 pair of gloves (worn)
Jewellery
 b - a +3 ring of dexterity (left hand)
 v - an uncursed ring of magical power {unknown}
 y - an uncursed ring of protection from fire
 C - the amulet of the Kraken (around neck) {RegenMP Dex+2}
   (You took it off an orc on level 12 of the Dungeon)

   [amulet of magic regeneration]

   It increases your magic regeneration.
   It affects your dexterity (+2).
 I - an uncursed ring of protection from fire
 K - an uncursed amulet of faith
 L - an uncursed amulet of rage {unknown}
Wands
 m - a wand of lightning (6/15)
 w - a wand of polymorph (12/24)
 A - a wand of flame (24/48)
 J - a wand of iceblast (11/15)
 M - a wand of iceblast (2/15)
 R - a wand of iceblast (7/15)
 U - a wand of iceblast (11/15)
 V - a wand of disintegration (13/24)
Scrolls
 a - a scroll of fog {unknown}
 c - 4 scrolls of remove curse
 e - a scroll of magic mapping
 g - a scroll of enchant armour {unknown}
 h - 2 scrolls of noise
 l - 2 scrolls of teleportation
 p - a scroll of amnesia {unknown}
 s - a scroll of fear {unknown}
 x - 3 scrolls of recharging
 T - a scroll of silence {unknown}
 X - a scroll of enchant weapon {unknown}
 Z - a scroll of identify
Potions
 f - a potion of brilliance
 i - a potion of curing
 o - a potion of cure mutation
 q - 4 potions of might
 t - a potion of lignification {unknown}
 u - 3 potions of mutation
 z - a potion of heal wounds {unknown}
 B - a potion of ambrosia {unknown}
 G - a potion of berserk rage {unknown}
 Q - a potion of flight {unknown}
 W - 2 potions of magic {unknown}
Comestibles
 n - 5 bread rations
 E - 8 beef jerkies


   Skills:
 + Level 12.0 Fighting
 * Level 13.6(14.6) Axes
 - Level 9.6(12.7) Polearms
 * Level 14.1 Armour
 + Level 5.5 Dodging
 + Level 0.6 Stealth


You had 11 spell levels left.
You didn't know any spells.

Dungeon Overview and Level Annotations

Branches:
Dungeon (13/15)            Temple (0/1) D:7            Lair (1/8) D:11
    Orc (0/2) D:9
 Vaults: D:13-14

Altars:
Dithmenos
Fedhas
Makhleb
Okawaru
Pakellas
Zin
The Shining One

Shops:
D:9 *(%?   D:10 ![?(


Innate Abilities, Weirdness & Mutations

You reflexively headbutt those who attack you in melee.
You have a pair of horns on your head.


Message History

* * * LOW HITPOINT WARNING * * *
The ten-headed hydra bites you but does no damage.
The ten-headed hydra bites you.
* * * LOW HITPOINT WARNING * * *
The ten-headed hydra bites you.
* * * LOW HITPOINT WARNING * * *
The ten-headed hydra bites you.
* * * LOW HITPOINT WARNING * * *
The ten-headed hydra bites you but does no damage. x2
A blink frog comes into view.
Drink which item? (? for menu, Esc to quit)
Okay, then.
The blink frog croaks.
Read which item? (? for menu, Esc to quit)
As you read the scroll of teleportation, it crumbles to dust.
You feel strangely unstable.
The blink frog blinks!
The blink frog blinks! x2; The ten-headed hydra bites you!
* * * LOW HITPOINT WARNING * * *
The ten-headed hydra bites you.
You die...

.. .>...?..#.....# #.8.....#
.##........†..##.P#...#...##
.. #.##.....#######...###.#
##.............## #r#
###.....8....# #.#
..........# #.##
...#.8...8.######..#
.#.#.......F##.....##
##.##....8@D..##.r###
#.......t.r..###
...###.###.....# . #.#
##...§..[. #. ##§....8.# ..
#.###...# ## ### ..## ... ..


You could see a ten-headed hydra, a blink frog, a crocodile and a porcupine.

Vanquished Creatures
  Maud (D:12)
  A hydra (D:11)
  Sonja (D:13)
  An unseen horror (D:11)
  A hill giant (D:10)
  An ugly thing (D:12)
  2 manticores
  2 cyclopes
  3 trolls
  3 slime creatures (D:12)
  A two-headed ogre (D:8)
  Prince Ribbit (D:5)
  Sigmund (D:5)
  A vampire (D:11)
  8 spriggans (D:5)
  A wyvern (D:11)
  A shadow (D:12)
  3 wraiths
  Grum (D:11)
  12 yaks (D:11)
  6 hippogriffs
  5 hungry ghosts
  A mottled dragon (D:11)
  A water moccasin (D:11)
  2 porcupines (Lair:1)
  8 orc warriors
  2 ice beasts
  2 wasps (D:9)
  2 sky beasts
  A swamp drake (D:9)
  3 black bears
  A necrophage (D:8)
  5 ogres
  8 wolves
  3 phantoms
  10 centaurs
  2 big kobolds (D:9)
  9 giant frogs
  Blork the orc (D:5)
  A wyvern zombie (D:8)
  A wyvern skeleton (D:9)
  3 scorpions
  4 killer bees (D:12)
  5 wights (D:11)
  6 howler monkeys
  4 centaur zombies
  6 crimson imps
  2 giant frog zombies
  2 quasits
  A wasp zombie (D:9)
  2 giant frog skeletons
  7 jellies
  9 orc priests
  5 hounds
  Jessica (D:3)
  4 centaur skeletons
  A gnoll shaman (D:6)
  15 orc wizards
  Ijyb (D:3)
  Terence (D:2)
  5 iguanas
  Natasha (thrice) (D:2)
  4 worker ants
  A killer bee zombie (D:5)
  6 sheep
  A hound zombie (D:8)
  4 hound skeletons
  Robin (D:3)
  11 adders
  8 gnolls
  5 shadow imps
  An ooze (D:1)
  An adder zombie (D:7)
  A worm (D:2)
  A dart slug (D:1)
  2 giant geckos (D:7)
  54 orcs
  9 giant cockroaches
  17 goblins
  9 hobgoblins
  8 jackals
  3 quokkas
  2 ball pythons (D:1)
  8 bats
  2 giant gecko zombies (D:5)
  5 giant newts
  A jackal skeleton (D:4)
  13 kobolds
  10 rats
395 creatures vanquished.

Vanquished Creatures (collateral kills)
  A hydra (D:12)
1 creature vanquished.

Vanquished Creatures (others)
  A kobold (D:9)
1 creature vanquished.

Grand Total: 397 creatures vanquished

Notes
Turn   | Place    | Note
--------------------------------------------------------------
     0 | D:1      | LORDOFBUTT the Minotaur Berserker began the quest for the Orb.
     0 | D:1      | Reached XP level 1. HP: 19/19 MP: 0/0
    84 | D:1      | Reached XP level 2. HP: 26/27 MP: 1/1
   333 | D:1      | Reached ** piety under Trog
   541 | D:1      | Reached XP level 3. HP: 26/33 MP: 2/2
   898 | D:2      | Reached skill level 3 in Armour
   994 | D:2      | Noticed Terence
  1002 | D:2      | Killed Terence
  1002 | D:2      | Reached XP level 4. HP: 41/41 MP: 3/3
  1148 | D:2      | Found a shadowy altar of Dithmenos.
  1379 | D:2      | Found an oddly glowing altar of Pakellas.
  1403 | D:2      | Noticed Natasha
  1412 | D:2      | Killed Natasha
  1506 | D:2      | Reached XP level 5. HP: 47/47 MP: 4/4
  1511 | D:2      | Noticed Natasha
  1530 | D:2      | Killed Natasha
  1766 | D:2      | Noticed Natasha
  1776 | D:2      | Reached *** piety under Trog
  1777 | D:2      | Killed Natasha
  2019 | D:3      | Reached skill level 5 in Fighting
  2173 | D:3      | Noticed Ijyb
  2184 | D:3      | Killed Ijyb
  2247 | D:3      | Noticed Jessica
  2247 | D:3      | Noticed Robin
  2253 | D:3      | Killed Jessica
  2254 | D:3      | Reached XP level 6. HP: 56/56 MP: 5/5
  2268 | D:3      | Reached skill level 5 in Dodging
  2278 | D:3      | Killed Robin
  2449 | D:4      | Reached skill level 5 in Axes
  2789 | D:4      | Reached **** piety under Trog
  2979 | D:5      | Entered Level 5 of the Dungeon
  2985 | D:5      | Reached skill level 1 in Polearms
  3064 | D:5      | Reached skill level 4 in Armour
  3100 | D:5      | Reached XP level 7. HP: 42/62 MP: 6/6
  3115 | D:5      | Noticed Sigmund
  3123 | D:5      | Killed Sigmund
  3145 | D:5      | Noticed Blork the orc
  3238 | D:5      | Found a glowing silver altar of Zin.
  3299 | D:5      | Noticed a spriggan
  3300 | D:5      | Noticed a spriggan
  3308 | D:5      | Killed a spriggan
  3308 | D:5      | Reached skill level 5 in Armour
  3311 | D:5      | Killed a spriggan
  3311 | D:5      | Reached XP level 8. HP: 71/71 MP: 7/7
  3350 | D:5      | Reached skill level 6 in Armour
  3403 | D:5      | Reached skill level 5 in Polearms
  3403 | D:5      | Reached skill level 7 in Armour
  3681 | D:5      | Reached XP level 9. HP: 73/82 MP: 8/8
  3741 | D:5      | Noticed Prince Ribbit
  3753 | D:5      | Killed Prince Ribbit
  3753 | D:5      | Reached skill level 8 in Armour
  4038 | D:5      | Killed Blork the orc
  4233 | D:6      | Reached skill level 9 in Armour
  4441 | D:6      | Reached ***** piety under Trog
  4798 | D:6      | Found a burning altar of Makhleb.
  4804 | D:6      | Found a glowing golden altar of the Shining One.
  5317 | D:7      | Reached skill level 10 in Armour
  5360 | D:7      | Found a staircase to the Ecumenical Temple.
  5563 | D:7      | Reached XP level 10. HP: 82/91 MP: 9/9
  5715 | D:7      | Got a transparent cloak
  5726 | D:7      | Identified the +0 cloak of Hiomuf {Str-2 Dex+9} (You found it on level 7 of the Dungeon)
  6083 | D:8      | Received a gift from Trog
  6411 | D:8      | Found an iron altar of Okawaru.
  6744 | D:9      | Reached skill level 10 in Fighting
  6744 | D:9      | Reached skill level 11 in Armour
  6976 | D:9      | Noticed a cyclops
  6987 | D:9      | Killed a cyclops
  7066 | D:9      | Found Aleff's Magic Scroll Shop.
  7186 | D:9      | Found Qotysch's Weapon Shop.
  7555 | D:9      | Found Udweux's General Store.
  7646 | D:9      | Found Gynnezirr's Food Emporium.
  7691 | D:9      | Gained mutation: You are frail (-10% HP). [mutagenic meat]
  7692 | D:9      | Lost mutation: You are frail (-10% HP). [potion of cure mutation]
  7693 | D:9      | Gained mutation: You evolve. [mutagenic meat]
  7694 | D:9      | Lost mutation: You evolve. [potion of cure mutation]
  7755 | D:9      | Found a staircase to the Orcish Mines.
  7897 | D:10     | Entered Level 10 of the Dungeon
  7937 | D:10     | Found a blossoming altar of Fedhas.
  7937 | D:10     | Noticed a hill giant
  7941 | D:10     | Killed a hill giant
  7941 | D:10     | Reached XP level 11. HP: 98/101 MP: 3/10
  7973 | D:10     | Found Riaf's Magic Scroll Boutique.
  8131 | D:10     | Found Tuyly's Armour Emporium.
  8179 | D:10     | Found Yciwk's Weapon Boutique.
  8240 | D:10     | Found Ifaachor's Distillery.
  8356 | D:11     | Found a staircase to the Lair.
  8506 | D:11     | Received a gift from Trog
  8513 | D:11     | Reached skill level 12 in Armour
  8642 | D:11     | Reached skill level 10 in Axes
  9071 | D:11     | Noticed a six-headed hydra
  9083 | D:11     | Noticed Grum
  9086 | D:11     | Killed a seven-headed hydra
  9086 | D:11     | Reached skill level 13 in Armour
  9087 | D:11     | Received a gift from Trog
  9104 | D:11     | HP: 7/153 [Grum/enchanted spear (6)]
  9105 | D:11     | Killed Grum
  9579 | D:11     | Reached XP level 12. HP: 93/110 MP: 11/11
  9945 | D:12     | Noticed Maud
  9952 | D:12     | Killed Maud
 10231 | D:12     | Got a warped lead amulet
 10234 | D:12     | Identified the amulet of the Kraken {RegenMP Dex+2} (You took it off an orc on level 12 of the Dungeon)
 10304 | D:12     | Noticed a seven-headed hydra
 10330 | D:12     | Killed a seven-headed hydra
 10890 | D:13     | Noticed Sonja
 10913 | D:13     | Killed Sonja
 10913 | D:13     | Reached skill level 14 in Armour
 10954 | Lair:1   | Entered Level 1 of the Lair of Beasts
 10991 | Lair:1   | Noticed an eight-headed hydra
 11067 | Lair:1   | HP: 4/112 [ten-headed hydra (8)]
 11067 | Lair:1   | Slain by a ten-headed hydra

Skill      XL: |  1  2  3  4  5  6  7  8  9 10 11 12 |
---------------+-------------------------------------+-----
Fighting       | 4 5 6 8 9 10 11 12 | 12.0
Axes           | 4 5 8 11 13 | 13.6
Armour         | 3 4 5 7 10 11 13 14 | 14.1
Dodging        | 3 4 5 |  5.5
Polearms       | 1 3 6 8 9 |  9.6
Stealth        | |  0.6

Action                   |  1- 3 |  4- 6 |  7- 9 | 10-12 || total
-------------------------+-------+-------+-------+-------++-------
Melee: Hand axe          |    61 |   132 |       |       ||   193
       Headbutt          |     9 |    34 |    45 |   181 ||   269
       Spear             |       |    50 |   257 |   105 ||   412
       Broad axe         |       |       |       |   328 ||   328
       Executioner's axe |       |       |       |   122 ||   122
Invok: Berserk           |     1 |     4 |     7 |     8 ||    20
       Brothers in Arms  |       |       |       |     2 ||     2
       Burn Spellbooks   |       |       |       |     1 ||     1
  Use: Scroll            |       |     4 |     6 |     4 ||    14
       Potion            |       |       |       |     2 ||     2
 Stab: Confused          |       |       |       |     1 ||     1
  Eat: Bread ration      |       |     1 |     1 |     2 ||     4
       Pizza             |       |     1 |       |     6 ||     7
       Chunk             |       |     3 |       |     2 ||     5
       Fruit             |       |     2 |     1 |       ||     3
       Beef jerky        |       |     1 |       |     3 ||     4
       Meat ration       |       |       |     3 |     5 ||     8
Armor: Animal skin       |    10 |     4 |       |       ||    14
       Gold dragon armou |       |   114 |   119 |   525 ||   758
Dodge: Dodged            |    51 |    59 |    50 |   235 ||   395
